 Dungeon Crawl Stone Soup version 0.20.0-15-g7f486f2 (webtiles) character file.

83325 skittles the Thaumaturge (level 15, -11/127 HPs)
             Began as a White Draconian Fire Elementalist on June 9, 2017.
             Was a High Priest of Vehumet.
             Mangled by Rupert
             ... wielding a +1 great mace of holy wrath
              (33 damage)
             ... on level 13 of the Dungeon.
             The game lasted 02:37:15 (35270 turns).

skittles the Thaumaturge (DrFE)                    Turns: 35270, Time: 02:37:15

Health: -11/127    AC: 14    Str: 12    XL:     15   Next: 32%
Magic:  6/32       EV: 16    Int: 20    God:    Vehumet [*****.]
Gold:   1663       SH:  0    Dex: 12    Spells: 8/41 levels left

rFire    + . .     SeeInvis +   D - +7 battleaxe (flame)
rCold    . . .     Gourm    .   (shield currently unavailable)
rNeg     + . .     Faith    .   (armour unavailable)
rPois    +         Spirit   .   y - +2 hat {SInv}
rElec    +         Reflect  .   i - +1 cloak
rCorr    .         Harm     .   (no gloves)
MR       +....                  n - +0 pair of boots
Stlth    ++........             q - amulet of regeneration
Regen    0.8/turn               l - ring of fire
MPRegen  0.3/turn               t - ring "Hauxtula" {rElec rPois rN+}

@: no status effects
A: breathe frost, unfitting armour, cold resistance 1, cold-blooded, AC +9
a: Breathe Frost, Renounce Religion


You were on level 13 of the Dungeon.
You worshipped Vehumet.
Vehumet was extremely pleased with you.
You were near starving.

You visited 3 branches of the dungeon, and saw 21 of its levels.
You also visited: Labyrinth, Ossuary and Ice Cave.

You collected 1663 gold pieces.

Inventory:

Hand Weapons
 r - a +1 halberd
 D - a +7 battleaxe of flaming (weapon)
 O - a +1 battleaxe of freezing
Armour
 i - a +1 cloak (worn)
 n - a +0 pair of boots (worn)
 y - a +2 hat of see invisible (worn)
Jewellery
 a - an uncursed ring of stealth
 l - a ring of fire (left hand)
 q - an amulet of regeneration (around neck)
 t - the ring "Hauxtula" (right hand) {rElec rPois rN+}
   (You found it in an ice cave)

   [ring of positive energy]

   It insulates you from electricity.
   It protects you from poison.
   It protects you from negative energy.
 C - an uncursed ring of see invisible {unknown}
 I - a +3 ring of protection {unknown}
 S - an uncursed ring of ice
Wands
 f - a wand of lightning (4/15)
 o - a wand of acid (11/15)
 J - a wand of digging (22/24)
Scrolls
 c - 10 scrolls of remove curse
 j - 2 scrolls of fog
 p - 2 scrolls of teleportation
 E - a scroll of blinking
 F - 2 scrolls of magic mapping
 H - 3 scrolls of amnesia
 K - 3 scrolls of enchant armour
Potions
 d - 4 potions of resistance
 e - 3 potions of curing
 g - 5 potions of agility
 s - a potion of magic
 u - 3 potions of cancellation
 x - 4 potions of mutation
 z - 6 potions of might
 A - a potion of ambrosia
 R - a potion of berserk rage
Books
 B - a book of Cantrips

   Spells                             Type                      Level
   a - Confusing Touch                Hexes                        1
   b - Animate Skeleton               Necromancy                   1
   c - Summon Small Mammal            Summoning                    1
   d - Apportation                    Translocation                1
 L - the Compendium of Destructive Feathers
   (You found it on level 6 of the Lair of Beasts)

   Spells                             Type                      Level
   a - Shock                          Conjuration/Air              1
   b - Stone Arrow                    Conjuration/Earth            3
   c - Airstrike                      Air                          4
   d - Venom Bolt                     Conjuration/Poison           5
   e - Lightning Bolt                 Conjuration/Air              5
 N - a book of Ice

   Spells                             Type                      Level
   a - Ice Form                       Ice/Transmutation            4
   b - Metabolic Englaciation         Hexes/Ice                    5
   c - Ozocubu's Refrigeration        Ice                          6
   d - Bolt of Cold                   Conjuration/Ice              6
   e - Freezing Cloud                 Conjuration/Ice/Air          6
   f - Simulacrum                     Ice/Necromancy               6
Miscellaneous
 h - a crystal ball of energy
 v - a lamp of fire
 w - a sack of spiders
 G - a phantom mirror
 P - a box of beasts
 W - a fan of gales
Comestibles
 b - 6 bread rations
 k - 11 fruits
 m - 6 meat rations
 M - 16 royal jellies


   Skills:
 - Level 10.3 Fighting
 - Level 6.1 Axes
 - Level 8.0 Dodging
 - Level 1.7 Stealth
 + Level 13.8 Spellcasting
 - Level 12.4 Conjurations
 - Level 5.0 Fire Magic
 + Level 10.4 Ice Magic
 + Level 9.8 Air Magic


You had 8 spell levels left.
You knew the following spells:

 Your Spells              Type           Power        Failure   Level  Hunger
a - Flame Tongue          Conj/Fire      #####        1%          1    None
b - Conjure Flame         Conj/Fire      ######..     1%          3    None
c - Sticky Flame          Conj/Fire      ######..     1%          4    None
d - Bolt of Fire          Conj/Fire      ######....   5%          6    #####..
e - Searing Ray           Conj           ######       1%          2    None
f - Freezing Cloud        Conj/Ice/Air   ######....   2%          6    #####..
g - Bolt of Cold          Conj/Ice       ######....   1%          6    #####..
h - Iskenderun's Battles  Conj/Chrm      #####...     2%          5    ####...


Dungeon Overview and Level Annotations

Branches:
Dungeon (14/15) Temple (1/1) D:6 Lair (6/6) D:8 Swamp (0/4) Lair:3 Snake (0/4) Lair:3 Slime (0/5) Lair:5 Orc (0/2) D:9 Vaults (0/5) D:13 D:14

Altars:
Ashenzari
Cheibriados
Dithmenos
Elyvilon
Fedhas
Gozag
Hepliaklqana
Kikubaaqudgha
Makhleb
Nemelex Xobeh
Okawaru
Qazlal
Ru
Sif Muna
Trog
Uskayaw
Vehumet
Xom
Yredelemnul
Zin
The Shining One

Annotations:
D:13 Rupert
D:14 Nessos, Urug


Innate Abilities, Weirdness & Mutations

You can breathe waves of freezing cold.
You can buffet flying creatures when you breathe cold.
Your icy white scales are hard. (AC +9)
You cannot fit into any form of body armour.
Your flesh is cold resistant. (rC+)
You are cold-blooded and may be slowed by cold attacks.


Message History

Vehumet accepts your kill.
Rupert burns!
Rupert hits you with a great mace of holy wrath!
Casting: Bolt of Fire
Confirm with . or Enter, or press ? or * to list all spells.
You don't have enough magic to cast that spell.
Unknown command.
You slash Rupert! You burn Rupert.
Rupert is severely wounded.
You have got your breath back.
Rupert burns! x2; Rupert is engulfed in blazing flames.
Rupert barely misses you.
Rupert is engulfed in blazing flames.
Rupert hits you with a great mace of holy wrath!!
Rupert burns!
Rupert is engulfed in blazing flames.
Rupert burns!
Rupert hits you with a great mace of holy wrath!!!
* * * LOW HITPOINT WARNING * * *
You feel better.
Rupert burns!
Rupert hits you with a great mace of holy wrath!!
You die...

#.# #.# ##.....######
####.####.#####...## #
#.................# #
#..#.###.#######.## #
#.###.##.# #.# #
#..#.###.# ##'## # #.#.##
#.# ##...## # #.#.####.#
##.....## # #.......@#
##.......## #
###.#..@####.........####
#........pp†.......'...
#.#...####.........####
#.##.## ##.>....(## #
#.#### ##.....## #.#
##...## ## #.# ##'## #.
#.# #.# #.


You could see Rupert (berserk).

Vanquished Creatures
  Gastronok (Lair:3)
  A tengu reaver (D:13)
  2 frost giants
  A minotaur (Lab)
  A death knight (D:13)
  12 hydras
  2 centaur warriors (D:13)
  7 two-headed ogres
  2 death yaks (IceCv)
  Sonja (Lair:3)
  A necromancer (Lair:4)
  2 cyclopes
  An ugly thing (D:13)
  3 manticores
  A moth of wrath (shapeshifter) (D:13)
  9 elephants
  An ice statue (IceCv)
  6 black mambas
  A gargoyle (D:11)
  24 spiny frogs
  5 torpor snails
  5 rime drakes
  9 komodo dragons
  3 kobold demonologists
  17 polar bears
  3 trolls
  2 tyrant leeches (Lair:6)
  7 slime creatures
  26 blink frogs
  Prince Ribbit (D:6)
  8 hippogriffs
  8 dream sheep
  Sigmund (D:6)
  2 shadows
  59 yaks
  A wraith (D:10)
  Grum (D:11)
  Eustachio (D:6)
  2 wyverns
  2 humans (D:13)
  A basilisk (Lair:3)
  A hungry ghost (D:7)
  7 vampire mosquitoes
  Edmund (D:6)
  16 porcupines
  15 water moccasins
  3 black bears
  An ice beast (D:13)
  2 necrophages
  4 orc warriors
  3 sky beasts
  6 phantoms
  18 wolves
  18 centaurs
  4 ogres
  14 crocodiles
  5 big kobolds
  27 bullfrogs
  Blork the orc (D:4)
  3 wyvern skeletons
  3 scorpions
  4 killer bees (D:7)
  4 wights (D:6)
  5 electric eels
  2 vampire bats (D:6)
  7 howler monkeys
  5 crimson imps
  2 quasits
  3 bullfrog zombies
  2 centaur zombies (D:11)
  4 hounds
  5 jellies
  6 orc priests
  2 bullfrog skeletons
  A human zombie (Ossuary)
  A centaur skeleton (D:6)
  9 iguanas
  13 orc wizards
  3 polar bear simulacra (Lair:4)
  A yak simulacrum (Lair:4)
  12 worker ants
  2 wolf simulacra (Lair:4)
  A killer bee zombie (D:9)
  5 mummies (Ossuary)
  A hound skeleton (D:8)
  A worker ant zombie (D:11)
  Robin (D:3)
  4 gnolls (D:10)
  4 river rats (D:5)
  11 adders
  4 shadow imps
  6 oozes
  3 adder skeletons
  6 worms
  A leopard gecko (D:11)
  36 orcs
  14 bats
  7 giant cockroaches
  3 gnoll zombies (Ossuary)
  12 goblins
  10 hobgoblins
  4 jackals
  47 kobolds
  4 quokkas
  3 frilled lizards
  A goblin zombie (Ossuary)
  A hobgoblin zombie (Ossuary)
  2 kobold zombies (Ossuary)
  A leopard gecko skeleton (D:5)
  2 quokka skeletons
  5 rats
  5 river rat simulacra (Lair:4)
  2 fungi
  4 plants
699 creatures vanquished.

Vanquished Creatures (others)
  2 polar bears (IceCv)
  28 fungi
  37 plants
67 creatures vanquished.

Grand Total: 766 creatures vanquished

Notes
Turn   | Place    | Note
-------+----------+-------------------------------------------
     0 | D:1      | skittles the Draconian Fire Elementalist began the quest for the Orb.
     0 | D:1      | Reached XP level 1. HP: 14/14 MP: 3/3
   236 | D:1      | Reached XP level 2. HP: 12/20 MP: 1/5
  1052 | D:2      | Reached XP level 3. HP: 25/26 MP: 6/6
  1414 | D:2      | Found a basalt altar of Yredelemnul.
  1892 | D:2      | Found a glowing golden altar of the Shining One.
  2079 | D:2      | Found an opulent altar of Gozag.
  2115 | D:2      | Reached XP level 4. HP: 17/33 MP: 3/7
  2647 | D:3      | Noticed Grinder
  2854 | D:3      | Paralysed by Grinder for 6 turns
  3058 | D:3      | Learned a level 3 spell: Conjure Flame
  3073 | D:3      | Found a hazy altar of Hepliaklqana.
  3097 | D:3      | Reached XP level 5. HP: 8/38 MP: 1/8
  3817 | D:3      | Found an iron altar of Okawaru.
  4005 | D:3      | Noticed Robin
  4015 | D:3      | Killed Robin
  4022 | D:3      | Reached skill level 5 in Fire Magic
  4492 | D:3      | Paralysed by Grinder for 2 turns
  4495 | D:3      | Noticed Grinder
  4495 | D:3      | Grinder changed into Grinder the quasit
  4504 | D:3      | Killed Grinder the quasit
  4724 | D:4      | Found a sand-covered staircase.
  4733 | Ossuary  | Entered an ossuary
  4753 | Ossuary  | Learned a level 4 spell: Sticky Flame
  4759 | Ossuary  | Reached XP level 6. HP: 45/45 MP: 6/9
  6180 | D:4      | Reached skill level 5 in Conjurations
  6428 | D:4      | Noticed Blork the orc
  6433 | D:4      | Killed Blork the orc
  6433 | D:4      | Your scales start taking on an icy white colour.
  6433 | D:4      | Reduced skill Fire Magic to level 5
  6433 | D:4      | Reached XP level 7. HP: 50/50 MP: 3/10
  6433 | D:4      | Gained mutation: Your flesh is cold resistant. (rC+) [White Draconian growth]
  7387 | D:5      | Entered Level 5 of the Dungeon
  7655 | D:5      | Found a bloodstained altar of Trog.
  7880 | D:5      | Found a snail-covered altar of Cheibriados.
  8037 | D:5      | Reached XP level 8. HP: 42/57 MP: 2/11
  8843 | D:6      | Noticed Prince Ribbit
  8854 | D:6      | Killed Prince Ribbit
  9119 | D:6      | Found a blossoming altar of Fedhas.
  9198 | D:6      | Reached skill level 1 in Fighting
  9653 | D:6      | Found a sacrificial altar of Ru.
  9653 | D:6      | Found a snail-covered altar of Cheibriados.
  9719 | D:6      | Found a transporter.
  9795 | D:6      | Noticed a kobold demonologist
  9795 | D:6      | Noticed a kobold demonologist
  9902 | D:6      | Noticed a red devil
  9912 | D:6      | Noticed a rust devil
  9943 | D:6      | HP: 2/61 [centaur/uncursed hand axe (10)]
  9947 | D:6      | Reached XP level 9. HP: 12/67 MP: 7/13
 10484 | D:6      | Reached skill level 3 in Spellcasting
 10554 | D:6      | Noticed Sigmund
 10562 | D:6      | Killed Sigmund
 10644 | D:6      | Noticed Edmund
 10660 | D:6      | Killed Edmund
 10660 | D:6      | Reached skill level 10 in Conjurations
 10665 | D:6      | Noticed Eustachio
 10788 | D:6      | Killed Eustachio
 10914 | D:6      | Found a staircase to the Ecumenical Temple.
 11013 | Temple   | Entered the Ecumenical Temple
 11422 | D:7      | Reached skill level 4 in Spellcasting
 12242 | D:8      | Reached skill level 5 in Fighting
 12242 | D:8      | Reached XP level 10. HP: 48/81 MP: 3/16
 12805 | D:8      | Reached skill level 5 in Dodging
 12892 | D:8      | Noticed a two-headed ogre
 12914 | D:8      | Killed a two-headed ogre
 12914 | D:8      | Reached skill level 5 in Spellcasting
 13204 | D:8      | Found a staircase to the Lair.
 13448 | D:8      | Found a radiant altar of Vehumet.
 13457 | D:8      | Became a worshipper of Vehumet
 13725 | D:9      | Found a staircase to the Orcish Mines.
 14045 | D:9      | Reached * piety under Vehumet
 14045 | D:9      | Offered knowledge of Shock by Vehumet.
 14940 | D:10     | Entered Level 10 of the Dungeon
 15123 | D:10     | Reached ** piety under Vehumet
 15123 | D:10     | Offered knowledge of Freeze by Vehumet.
 15131 | D:10     | Reached skill level 6 in Spellcasting
 15695 | D:10     | Noticed a two-headed ogre
 15709 | D:10     | Killed a two-headed ogre
 15709 | D:10     | Reached XP level 11. HP: 90/92 MP: 17/20
 16374 | D:11     | Found a labyrinth entrance.
 16381 | Lab      | Entered a labyrinth
 16668 | Lab      | Noticed a minotaur
 16681 | Lab      | Killed a minotaur
 16685 | Lab      | Identified Ziheiritz's Collected Works on Enthralling Envenoming
 16748 | D:11     | Found a frozen archway.
 16765 | IceCv    | Entered an ice cave
 16775 | IceCv    | Offered knowledge of Searing Ray by Vehumet.
 17742 | IceCv    | Reached skill level 1 in Axes
 17884 | IceCv    | Reached skill level 7 in Spellcasting
 18031 | IceCv    | Learned a level 2 spell: Searing Ray
 18043 | IceCv    | Learned a level 5 spell: Fireball
 18084 | IceCv    | Reached *** piety under Vehumet
 18984 | IceCv    | Noticed a death yak
 19011 | IceCv    | Killed a death yak
 19149 | IceCv    | Reached XP level 12. HP: 88/104 MP: 15/23
 19369 | IceCv    | Noticed a death yak
 19375 | IceCv    | Killed a death yak
 19548 | IceCv    | Noticed a frost giant
 19548 | IceCv    | Noticed a death yak
 19562 | IceCv    | Killed a frost giant
 19939 | IceCv    | Offered knowledge of Static Discharge by Vehumet.
 20043 | IceCv    | Got a translucent bone ring
 20055 | IceCv    | Learned a level 6 spell: Bolt of Cold
 20093 | IceCv    | Identified the ring "Hauxtula" {rElec rPois rN+} (You found it in an ice cave)
 20165 | D:11     | Reached skill level 8 in Spellcasting
 20304 | D:11     | Reached skill level 1 in Ice Magic
 20313 | D:11     | Noticed an eight-headed hydra
 20740 | D:11     | Reached skill level 5 in Axes
 20749 | D:11     | Noticed a two-headed ogre
 20759 | D:11     | Killed a two-headed ogre
 21050 | D:8      | Noticed a two-headed ogre
 21061 | D:8      | Killed a two-headed ogre
 21061 | D:8      | Reached skill level 10 in Fighting
 21082 | Lair:1   | Entered Level 1 of the Lair of Beasts
 21082 | Lair:1   | Noticed a six-headed hydra
 21087 | Lair:1   | Killed a six-headed hydra
 21190 | Lair:1   | Reached **** piety under Vehumet
 21479 | Lair:1   | Offered knowledge of Iskenderun's Battlesphere by Vehumet.
 21493 | Lair:1   | Learned a level 5 spell: Iskenderun's Battlesphere
 22182 | Lair:2   | Reached skill level 9 in Spellcasting
 22188 | Lair:2   | Reached skill level 5 in Ice Magic
 22247 | Lair:2   | Reached XP level 13. HP: 114/114 MP: 14/26
 23308 | Lair:2   | Reached ***** piety under Vehumet
 23901 | Lair:3   | Found a staircase to the Swamp.
 23960 | Lair:3   | Offered knowledge of Bolt of Fire by Vehumet.
 24112 | Lair:3   | Noticed Gastronok
 24157 | Lair:3   | Killed Gastronok
 24157 | Lair:3   | Reached skill level 10 in Spellcasting
 24747 | Lair:3   | Found a staircase to the Snake Pit.
 24783 | Lair:3   | Noticed Sonja
 24791 | Lair:3   | Killed Sonja
 26026 | Lair:4   | Reached skill level 11 in Spellcasting
 26312 | Lair:4   | Reached skill level 10 in Ice Magic
 26726 | Lair:1   | Learned a level 6 spell: Bolt of Fire
 26733 | Lair:1   | Learned a level 6 spell: Freezing Cloud
 27209 | Lair:5   | Found a staircase to the Slime Pits.
 27251 | Lair:5   | Reached skill level 1 in Air Magic
 27586 | Lair:5   | Offered knowledge of Yara's Violent Unravelling by Vehumet.
 27586 | Lair:5   | Reached XP level 14. HP: 122/122 MP: 29/29
 28601 | Lair:6   | Entered Level 6 of the Lair of Beasts
 29061 | Lair:6   | Reached skill level 12 in Spellcasting
 29095 | Lair:6   | Reached skill level 5 in Air Magic
 30042 | Lair:6   | Found a snail-covered altar of Cheibriados.
 30747 | Lair:6   | Offered knowledge of Lee's Rapid Deconstruction by Vehumet.
 31211 | Lair:6   | Reached skill level 13 in Spellcasting
 31298 | Lair:6   | Identified the Compendium of Destructive Feathers
 31908 | D:6      | Found a transporter.
 32043 | D:11     | Noticed Grum
 32050 | D:11     | Killed Grum
 33083 | D:12     | Reached XP level 15. HP: 111/127 MP: 29/32
 34409 | D:13     | Noticed a tengu reaver
 34419 | D:13     | Noticed a frost giant
 34422 | D:13     | Killed a frost giant
 34436 | D:13     | Killed a tengu reaver
 35250 | D:14     | Found a gate to the Vaults.
 35250 | D:14     | Noticed Rupert
 35250 | D:14     | Noticed Nessos
 35250 | D:14     | Noticed Urug
 35252 | D:14     | Offered knowledge of Conjure Ball Lightning by Vehumet.
 35270 | D:13     | Mangled by Rupert

Skill      XL: |  1  2  3  4  5  6  7  8  9 10 11 12 13 14 15 |
---------------+----------------------------------------------+-----
Conjurations   | 2 3 4 5 7 9 10 11 12 | 12.4
Fire Magic     | 4 5 5 |  5.0
Dodging        | 2 4 6 7 8 |  8.0
Fighting       | 2 5 7 9 10 | 10.3
Spellcasting   | 4 6 7 9 11 13 | 13.8
Axes           | 3 6 |  6.1
Ice Magic      | 5 10 | 10.4
Air Magic      | 2 8 9 |  9.8
Stealth        | |  1.7

Action                   |  1- 3 |  4- 6 |  7- 9 | 10-12 | 13-15 || total
-------------------------+-------+-------+-------+-------+-------++-------
Melee: Dagger            |   129 |   251 |    89 |     4 |       ||   473
       Tailslap          |    14 |    33 |    24 |    49 |    33 ||   153
       Trident           |       |       |    23 |       |       ||    23
       Battleaxe         |       |       |   135 |   423 |   308 ||   866
       Glaive            |       |       |    78 |     1 |     3 ||    82
       Falchion          |       |       |    14 |       |       ||    14
 Cast: Flame Tongue      |    29 |   108 |   106 |   239 |   306 ||   788
       Sticky Flame      |       |     1 |    32 |   126 |   143 ||   302
       Conjure Flame     |       |       |     6 |    30 |    15 ||    51
       Fireball          |       |       |       |     4 |    17 ||    21
       Bolt of Cold      |       |       |       |       |    28 ||    28
       Iskenderun's Batt |       |       |       |       |     7 ||     7
       Bolt of Fire      |       |       |       |       |    62 ||    62
       Searing Ray       |       |       |       |       |     2 ||     2
       Freezing Cloud    |       |       |       |       |    21 ||    21
 Abil: Breathe Frost     |       |       |     1 |     2 |     6 ||     9
Evoke: Wand              |       |     4 |     1 |     2 |       ||     7
  Use: Scroll            |       |    10 |     4 |    11 |    15 ||    40
       Potion            |       |     1 |     1 |     1 |     4 ||     7
 Stab: Sleeping          |     4 |     1 |     3 |     1 |     2 ||    11
       Distracted        |       |       |       |     1 |     1 ||     2
  Eat: Chunk             |     4 |    15 |    19 |    42 |    75 ||   155
       Fruit             |       |     1 |       |     6 |    12 ||    19
       Royal jelly       |       |       |     2 |     1 |       ||     3
       Meat ration       |       |       |     1 |       |       ||     1
Armor: Skin              |    57 |   134 |   148 |   218 |   194 ||   751
Dodge: Dodged            |    75 |   232 |   299 |   553 |   444 ||  1603
       Rpst.: Falchion   |       |       |     4 |       |       ||     4
